 Dungeon Crawl Stone Soup version 0.18.1-48-g4cf74bf (webtiles) character file.

108 tyranidshit the Grave Robber (level 4, 0/36 HPs)
             Began as a Deep Dwarf Necromancer on July 6, 2016.
             Slain by a gnoll
             ... wielding a +0 spear
              (3 damage)
             ... on level 3 of the Dungeon.
             The game lasted 00:13:14 (1557 turns).

tyranidshit the Grave Robber (DDNe)                 Turns: 1557, Time: 00:13:15

Health: 0/36       AC:  2    Str: 11    XL:     4   Next: 58%
Magic:  1/7        EV: 12    Int: 19    God:
Gold:   190        SH:  0    Dex: 14    Spells: 2 memorised, 3 levels left

rFire  . . .     SeeInvis .     f - +3 whip
rCold  . . .     Gourm    .     s - +0 robe
rNeg   . . .     Faith    .     (no shield)
rPois  .         Spirit   .     (no helmet)
rElec  .         Dismiss  .     (no cloak)
rCorr  .         Reflect  .     (no gloves)
SustAt .         Harm     .     (no boots)
MR     .....                    r - amulet of inaccuracy (curse)
Stlth  +++.......               (no ring)
                                n - +3 ring of intelligence

@: non-regenerating, not resistant to hostile enchantments, fairly stealthy
A: damage resistance, recharge devices, sense surroundings 1, slow regeneration
3
a: Device Recharging


You were on level 3 of the Dungeon.
You were not hungry.

You visited 1 branch of the dungeon, and saw 3 of its levels.

You collected 190 gold pieces.

Inventory:

Hand Weapons
 d - a +0 war axe
 e - a +0 dagger
 f - a +3 whip (weapon)
 h - a -2 hand axe
Armour
 s - a +0 robe (worn)
Jewellery
 n - a +3 ring of intelligence (left hand)
 p - an uncursed ring of see invisible
 r - a cursed amulet of inaccuracy (around neck)
Wands
 c - a wand of heal wounds (3/9)
Scrolls
 l - a scroll of fear {unknown}
 m - 3 scrolls of identify {unknown}
Potions
 i - 2 potions of curing {unknown}
 j - a potion of flight {unknown}
 o - a potion of haste {unknown}
 q - 3 potions of agility {unknown}
 t - a potion of degeneration {unknown}
Books
 b - a book of Necromancy

   Spells                             Type                      Level
   a - Pain                           Necromancy                   1
   b - Animate Skeleton               Necromancy                   1
   c - Vampiric Draining              Necromancy                   3
   d - Regeneration                   Charms/Necromancy            3
   e - Animate Dead                   Necromancy                   4
   f - Control Undead                 Necromancy                   4
Comestibles
 a - a meat ration
 g - a beef jerky
 k - a royal jelly


   Skills:
 - Level 2.3 Dodging
 + Level 4.2 Stealth
 + Level 2.4 Spellcasting
 + Level 5.4 Necromancy


You had 3 spell levels left.
You knew the following spells:

 Your Spells              Type           Power        Failure   Level  Hunger
a - Pain                  Necr           ###.         1%          1    #......
b - Vampiric Draining     Necr           ###.......   6%          3    ###....


Dungeon Overview and Level Annotations

Branches:
Dungeon (3/15)

Altars:
Yredelemnul


Innate Abilities, Weirdness & Mutations

You are resistant to damage.
You can recharge devices by infusing magical energy.
You passively map a small area around you.
You do not regenerate naturally.


Message History

The gnoll convulses in agony!
The gnoll closely misses you.
Casting: Pain
Confirm with . or Enter, or press ? or * to list all spells.
Aiming: Pain
Press: ? - help, Shift-Dir - straight line, f/p - gnoll
Aim: a gnoll, wielding a spear (chance to defeat MR: 87%)
The gnoll convulses in agony!
The gnoll hits you from afar with a spear.
The worm bites you! The gnoll barely misses you.
You see here a quokka corpse.
The gnoll hits you with a spear.
The gnoll hits you from afar with a spear.
* * * LOW HITPOINT WARNING * * *
The gnoll hits you with a spear!
* * * LOW HITPOINT WARNING * * *
The gnoll hits you from afar with a spear.
* * * LOW HITPOINT WARNING * * *
The gnoll hits you with a spear.
You die...

##### #####
....########...##
#.............###
###...####.(......####
........##...........#
.##...#........#..##.#
..#........#####@.##.#
....#.####.# #.g.#$#
..###... ..# ###.#g#g#
)..######### #..w#.#.#
.#.######## #.......#
(..##.....# #..P.P.##
...##.....# #..._..#
..........# ##.P.P.#
.#.##...).# #.....#


You could see a worm and 2 gnolls.

Vanquished Creatures
  A gnoll (D:3)
  4 adders
  An ooze (D:1)
  A worm (D:3)
  2 giant geckos
  An orc (D:3)
  2 ball pythons (D:2)
  6 bats
  3 giant cockroaches
  5 goblins
  11 hobgoblins
  4 jackals (D:1)
  A kobold (D:2)
  A quokka (D:3)
  A giant newt (D:1)
  4 rats
48 creatures vanquished.

Notes
Turn   | Place    | Note
--------------------------------------------------------------
     0 | D:1      | tyranidshit the Deep Dwarf Necromancer began the quest for the Orb.
     0 | D:1      | Reached XP level 1. HP: 15/15 MP: 3/3
   114 | D:1      | Reached XP level 2. HP: 22/22 MP: 2/4
   572 | D:1      | Reached XP level 3. HP: 22/28 MP: 3/6
   741 | D:1      | Learned a level 3 spell: Vampiric Draining
   981 | D:2      | Reached skill level 5 in Necromancy
  1188 | D:2      | Reached XP level 4. HP: 30/36 MP: 2/7
  1477 | D:3      | Found a basalt altar of Yredelemnul.
  1557 | D:3      | Slain by a gnoll

Skill      XL: |  1  2  3  4 |
---------------+-------------+-----
Spellcasting   | 2 |  2.4
Stealth        | 3 4 |  4.2
Necromancy     | 5 |  5.4
Dodging        | |  2.3

Action                   |  1- 3 |  4- 6 || total
-------------------------+-------+-------++-------
Melee: Unarmed           |    17 |       ||    17
       Hand axe          |     5 |       ||     5
       Whip              |    20 |    24 ||    44
 Cast: Pain              |    39 |     7 ||    46
       Vampiric Draining |     7 |     9 ||    16
Evoke: Wand              |       |     2 ||     2
  Use: Scroll            |     1 |       ||     1
  Eat: Bread ration      |     1 |       ||     1
Armor: Robe              |    16 |     4 ||    20
Dodge: Dodged            |    42 |    27 ||    69
